 Dungeon Crawl Stone Soup version 0.27.1-2-g3b301248ec (webtiles) character file.

Game seed: 18215443499217992378

84 nxtlvl the Firebug (level 4, -3/30 HPs)
             Began as a Formicid Fire Elementalist on Sept 23, 2021.
             Succumbed to a water moccasin's poison
             ... on level 6 of the Dungeon.
             The game lasted 00:06:26 (504 turns).

nxtlvl the Firebug (Formicid Fire Elementalist)      Turns: 504, Time: 00:06:27

Health: -3/30      AC:  3    Str: 12    XL:     4   Next: 72%
Magic:  5/8        EV: 12    Int: 16    God:
Gold:   26         SH:  0    Dex: 11    Spells: 7/8 levels left

rFire    . . .     SeeInvis +   b - +1 hunting sling (freeze)
rCold    . . .     Faith    .   (no shield)
rNeg     . . .     Spirit   .   c - +0 robe
rPois    .         Reflect  .   (helmet unavailable)
rElec    .         Harm     .   (no cloak)
rCorr    .         Rampage  .   (no gloves)
Will     .....                  d - +0 pair of boots
Stlth    ++........             (no amulet)
HPRegen  0.10/turn              (no ring)
MPRegen  0.11/turn              (no ring)

@: lethally poisoned (-3 -> -31)
A: permanent stasis, dig shafts and tunnels, antennae 3, four strong arms
a: Dig, Shaft Self


You were on level 6 of the Dungeon.
You visited 1 branch of the dungeon, and saw 4 of its levels.

You collected 26 gold pieces.

Inventory:

Hand Weapons
 a - a +2 dagger of holy wrath
 b - a +1 hunting sling of freezing (weapon)
Missiles
 h - 2 throwing nets
 j - 22 stones (quivered ammo)
Armour
 c - a +0 robe (worn)
 d - a +0 pair of boots (worn)
Wands
 k - a wand of paralysis (9)
Scrolls
 f - a scroll of blinking {unknown}
 g - 2 scrolls of enchant armour {unknown}
Potions
 e - a potion of haste {unknown}
 i - a potion of brilliance {unknown}


   Skills:
 - Level 1.7 Dodging
 - Level 2.4 Stealth
 + Level 2.8 Spellcasting
 * Level 2.3 Conjurations
 * Level 4.0 Fire Magic


You had 7 spell levels left.
You knew the following spells:

 Your Spells              Type           Power      Damage    Failure   Level
z - Foxfire               Conj/Fire      48%        2x1d6     5%          1

Your spell library contained the following spells:

 Spells                   Type           Power      Damage    Failure   Level
 Conjure Flame            Conj/Fire      12%        6-21      16%         3
 Inner Flame              Hex/Fire       8%         N/A       26%         3
 Sticky Flame             Conj/Fire      12%        2d4       45%         4
 Fireball                 Conj/Fire      6%         3d5       82%         5


Dungeon Overview and Level Annotations

Branches:
Dungeon (3/15)

Altars:
Ashenzari
Makhleb

Annotations:
D:3 3 runed translucent doors, MechaKamiliLaw's ghost, weakling HuGl; Sigmund


Innate Abilities, Weirdness & Mutations

You cannot be hasted, slowed, berserked, paralysed or teleported.
You can dig through walls and to a lower floor.
You have a pair of large antennae on your head. (SInv)
Your four strong arms can wield two-handed weapons with a shield.


Message History

You extend your mandibles.
You dig through the rock wall.
An orc comes into view. It is wielding a +0 short sword.
The ice beast barely misses you.
You dig through the rock wall.
You dig through the rock wall.
Found a falchion and a hunting sling.
You retract your mandibles.
A water moccasin comes into view.
Found a broad axe.
You see here a +0 broad axe.
An orc comes into view. It is wielding a +0 dagger.
An orc wizard comes into view. It is wielding a +0 dagger.
Found a scroll labelled MOKHO JUNGA and 8 gold pieces.
Found 16 gold pieces.
A howler monkey comes into view.
Found a blackened copper wand.
Found a burning altar of Makhleb.
A water moccasin comes into view.
The water moccasin hisses angrily.
The scorpion barely misses you.
The howler monkey hits you but does no damage.
The howler monkey hoots and howls with incredible vigour!
You hear an angry hiss.
You hear a shout!
You see here a wand of paralysis (9).
k - a wand of paralysis (9)
The scorpion stings you but does no damage.
The howler monkey hits you.
You hear a zap.
You hear a grinding noise.
The scorpion stings you!
You are poisoned.
The scorpion poisons you!
The howler monkey hoots and howls with incredible vigour!
You feel very sick.
You feel very sick.
You hear a zap.
You hear a grinding noise.
The water moccasin bites you!
* * * LOW HITPOINT WARNING * * *
You are more poisoned.
The water moccasin poisons you!
You die...

...≈.#.###.≈.#...
##.≈.#)..#.≈.#...
##S≈.#._.#.≈.#...
#..≈.#...#.≈.#.?.
####..≈.###.#.≈.#...
.....≈.......≈..###
###.#.≈Y≈≈≈≈≈≈≈.....
#....SsWoh.......###
#.#@#####o..........
#.# #..........# #.#
#.....$....# #.#
#..........# ..#
#..........# ###
#..........#
#..........#
#..........


You could see a phantom, 2 water moccasins, an ice beast, a scorpion, a howler
monkey (catching breath) and an orc.

Vanquished Creatures
  A bullfrog (D:6)
  A dart slug (D:2)
  2 endoplasms
  2 hobgoblins
  2 kobolds
  A quokka (D:3)
  2 bats
  3 frilled lizards
  4 goblins
  A rat (D:2)
19 creatures vanquished.

Vanquished Creatures (others)
  51 foxfires
51 creatures vanquished.

Grand Total: 70 creatures vanquished

Notes
Turn   | Place    | Note
-------+----------+-------------------------------------------
     0 | D:1      | nxtlvl the Formicid Fire Elementalist began the quest for
                  | the Orb.
     0 | D:1      | Reached XP level 1. HP: 13/13 MP: 3/3
     2 | D:1      | Noticed an elf
     2 | D:1      | Noticed a djinni
     6 | D:1      | Noticed a barachi
     6 | D:1      | Noticed a vampire
     8 | D:1      | Noticed a draconian
    10 | D:1      | Noticed a troll
    10 | D:1      | Noticed a human
    12 | D:1      | Noticed a formicid
    14 | D:1      | Noticed a demigod
    14 | D:1      | Noticed a dwarf
    16 | D:1      | Noticed a gargoyle
    16 | D:1      | Noticed a ghoul
    18 | D:1      | Noticed a palentonga
    18 | D:1      | Noticed an ogre
    20 | D:1      | Noticed a vine stalker
    20 | D:1      | Noticed a naga
    22 | D:1      | Noticed a spriggan
    22 | D:1      | Noticed a demonspawn
    24 | D:1      | Noticed a minotaur
    26 | D:1      | Noticed a merfolk
    26 | D:1      | Noticed an octopode
    28 | D:1      | Noticed a tengu
    28 | D:1      | Noticed a felid
    40 | D:1      | Reached skill level 1 in Conjurations
   128 | D:3      | Found a broken altar of Ashenzari.
   138 | D:3      | Noticed a phantom
   172 | D:2      | Reached XP level 2. HP: 19/19 MP: 0/5
   396 | D:3      | Found a runed translucent gate.
   396 | D:3      | Found a runed translucent gate.
   396 | D:3      | Found a runed translucent gate.
   396 | D:3      | Noticed MechaKamiliLaw's ghost (weakling HuGl)
   407 | D:3      | Reached XP level 3. HP: 24/24 MP: 3/6
   416 | D:3      | Noticed Sigmund
   420 | D:3      | You fall into a shaft and drop 3 floors!
   420 | D:6      | Noticed a bullfrog
   425 | D:6      | Killed a bullfrog
   426 | D:6      | Reached skill level 4 in Fire Magic
   426 | D:6      | Reached XP level 4. HP: 19/30 MP: 0/8
   428 | D:6      | Noticed an ice beast
   458 | D:6      | Noticed a phantom
   463 | D:6      | Noticed a scorpion
   470 | D:6      | Noticed a water moccasin
   492 | D:6      | Found a burning altar of Makhleb.
   495 | D:6      | Noticed a water moccasin
   504 | D:6      | Succumbed to a water moccasin's poison

Illustrated notes

Levels and vault maps discovered:
D:1:      kb_arrival_jail, layout_rooms, minmay_worlds_worst_comb
D:2:      layout_rooms, serial_shops, nicolae_lakefront_shop
D:3:      minmay_goblin_kobold_castle, layout_basic,
          mainiacjoe_overflow_concentric_impassable, general_overflow_altar,
          chequers_ecumenical_altar_simple_redux, ebering_ghost_rock_garden,
          chequers_serial_rivers_small_a, uniq_sigmund
D:6:      layout_basic, mainiacjoe_overflow_brackets, gammafunk_ghost_grave,
          uniq_blork_the_orc, uniq_edmund, uniq_grinder

Skill      XL: |  1  2  3 |
---------------+----------+-----
Conjurations   | 1 2 |  2.3
Fire Magic     | 4 |  4.0
Dodging        | |  1.7
Stealth        | |  2.4
Spellcasting   | |  2.8

Action                   |  1- 3 |  4- 6 || total
-------------------------+-------+-------++-------
Melee: Dagger            |     7 |       ||     7
 Fire: Hunting sling     |     4 |       ||     4
 Cast: Foxfire           |    25 |     3 ||    28
 Abil: Dig               |    11 |     1 ||    12
       Shaft Self        |     1 |       ||     1
Armor: Robe              |     2 |     2 ||     4
Dodge: Dodged            |     6 |     3 ||     9
